 Dungeon Crawl Stone Soup version 0.25-a0-156-g0c4bda3fdf (webtiles) character file.

Game seed: 7128864667739175162, levelgen mode: deterministic

151 vurker the Skirmisher (level 5, -30/42 HPs)
             Began as a Formicid Abyssal Knight on Nov 20, 2019.
             Was a Believer of Lugonu.
             Annihilated by an ogre
             ... wielding a +0 giant club
              (33 damage)
             ... on level 3 of the Dungeon.
             The game lasted 00:05:28 (3003 turns).

vurker the Skirmisher (Formicid Abyssal Knight)     Turns: 3003, Time: 00:05:29

Health: -30/42     AC:  4    Str: 18    XL:     5   Next: 59%
Magic:  7/7        EV: 11    Int: 11    God:    Lugonu [**....]
Gold:   129        SH:  3    Dex: 10    Spells: 4/4 levels left

rFire    + . .     SeeInvis +   a - +1 hand axe
rCold    . . .     Gourm    .   m - +0 buckler
rNeg     . . .     Faith    .   b - +0 leather armour
rPois    +         Spirit   .   (helmet unavailable)
rElec    .         Reflect  .   (no cloak)
rCorr    .         Harm     .   (no gloves)
MR       .....                  o - +0 pair of boots
Stlth    +.........             (no amulet)
HPRegen  0.14/turn              f - ring of protection from fire
MPRegen  0.10/turn              h - ring of poison resistance

@: no status effects
A: permanent stasis, dig shafts and tunnels, four strong arms, antennae 3
a: Dig, Shaft Self, Depart the Abyss, Bend Space, Renounce Religion


You were on level 3 of the Dungeon.
You worshipped Lugonu.
Lugonu was pleased with you.
You were very hungry.

You visited 1 branch of the dungeon, and saw 3 of its levels.
You visited the Abyss 1 time.

You collected 129 gold pieces.

Inventory:

Hand Weapons
 a - a +1 hand axe (weapon)
Armour
 b - a +0 leather armour (worn)
 m - a +0 buckler (worn)
   (You found it on level 2 of the Dungeon)
 o - a +0 pair of boots (worn)
   (You found it on level 3 of the Dungeon)
Jewellery
 f - a ring of protection from fire (left hand)
   (You found it on level 1 of the Dungeon)
 h - a ring of poison resistance (right hand)
   (You found it on level 1 of the Dungeon)
 k - an uncursed ring of positive energy
   (You found it on level 2 of the Dungeon)
Scrolls
 c - a scroll of remove curse
Potions
 d - 2 potions of resistance
 g - a potion of mutation {unknown}
 i - a potion of cancellation
 j - a potion of heal wounds {unknown}
 n - a potion of haste {unknown}
 p - 2 potions of curing
Comestibles
 e - 6 rations


   Skills:
 + Level 4.2 Fighting
 * Level 3.9 Axes
 - Level 2.1 Armour
 - Level 0.8 Dodging
 + Level 1.1 Shields
 + Level 3.5 Invocations


You had 4 spell levels left.
You didn't know any spells.
Your spell library was empty.

Dungeon Overview and Level Annotations

Branches:
Dungeon (3/15)

Altars:
Nemelex Xobeh


Innate Abilities, Weirdness & Mutations

You cannot be hasted, slowed, berserked, paralysed or teleported.
You can dig through walls and to a lower floor.
Your four strong arms can wield two-handed weapons with a shield.
You have a pair of large antennae on your head. (SInv)


Message History

* * * LOW HITPOINT WARNING * * *
Aim: an ogre, wielding a +0 giant club (chance to defeat MR: 82%)
You fail to use your ability.
Aim: an ogre, wielding a +0 giant club (chance to defeat MR: 82%)
You fail to use your ability.
The ogre barely misses you.
Aim: an ogre, wielding a +0 giant club (chance to defeat MR: 82%)
You fail to use your ability.
The ogre barely misses you.
Aim: an ogre, wielding a +0 giant club (chance to defeat MR: 82%)
The ogre barely resists.
You feel somewhat more hungry.
You can no longer banish your foes.
The ogre barely misses you.
Okay, then.
Unknown command.
There is an open door here.
Okay, then.
You aren't carrying any items that you can evoke.
Unknown command.
There is an open door here.
You are feeling hungry.
There is an open door here.
You close the door.
You block the ogre's attack.
A worm comes into view.
The worm bites you.
* * * LOW HITPOINT WARNING * * *
The worm bites you!
* * * LOW HITPOINT WARNING * * *
There is an escape hatch in the floor here.
You see here a spear.
There is a stone staircase leading up here.
There is a stone staircase leading up here.
There is a stone staircase leading up here.
There is a stone staircase leading up here.
You block the ogre's attack. You block the worm's attack.
There is a stone staircase leading up here.
You block the worm's attack.
There is a stone staircase leading up here.
You are feeling very hungry.
You block the ogre's attack.
You hit the ogre. You block the ogre's attack.
You closely miss the ogre. The ogre closely misses you.
You hit the ogre. The ogre hits you with a +0 giant club!
* * * LOW HITPOINT WARNING * * *
You slash the ogre! You hit the ogre. The ogre barely misses you.
You hit the ogre but do no damage.
The ogre hits you with a +0 giant club!!
Ouch! That really hurt!
You die...

#.#.#.......................+.
#.#+#รท############w.........##
#.........########..........#
#.........+........##########
#.........########.###########
#.#'#.#+#########..#..........
####.#.#.#........w>..#.#########
..[?.#.#.#..########......#
.###.#.#.#..#.wO@.....#.#.# .#
###.#.#..#.#####...#.#.# .#
#.#.#.)#.#####...#.#.# .#
#.#.#..#.....#...#.#.# .#
#.#.#..#w............## .#
#.#....#.###....#####.# .#
#.#.#..#...<..........# .#
#.#..#.#.......######.# .#
#.#...................#


You could see an ogre and a worm.

Vanquished Creatures
  An orc wizard (D:3)
  2 adders (D:2)
  3 oozes
  2 dart slugs
  2 leopard geckos (D:3)
  8 orcs
  4 bats
  2 giant cockroaches
  7 goblins
  14 hobgoblins
  3 jackals (D:2)
  7 kobolds
  A quokka (D:2)
  5 ball pythons
  8 frilled lizards
  5 rats
74 creatures vanquished.

Notes
Turn   | Place    | Note
-------+----------+-------------------------------------------
     0 | Abyss:1  | vurker the Formicid Abyssal Knight began the quest for the
                  | Orb.
     0 | Abyss:1  | Reached XP level 1. HP: 18/18 MP: 2/2
    36 | D:1      | Escaped the Abyss
    44 | D:1      | Reached XP level 2. HP: 20/24 MP: 3/3
   304 | D:1      | Reached XP level 3. HP: 24/29 MP: 4/4
   307 | D:1      | Reached ** piety under Lugonu
   622 | D:1      | Found a sparkling altar of Nemelex Xobeh.
   996 | D:2      | Reached XP level 4. HP: 30/37 MP: 6/6
  1501 | D:2      | Reached skill level 4 in Fighting
  1953 | D:3      | Reached XP level 5. HP: 38/42 MP: 7/7
  2252 | D:3      | Reached skill level 1 in Shields
  2362 | D:3      | Reached *** piety under Lugonu
  2787 | D:3      | Noticed an ogre
  3003 | D:3      | Annihilated by an ogre

Levels and vault maps discovered:
D:1:      minmay_arrival_semitransparent, layout_loops_cross,
          nemelex_xobeh_ov_fountains_minmay
D:2:      layout_loops_ring
D:3:      layout_basic

Skill      XL: |  1  2  3  4  5 |
---------------+----------------+-----
Axes           | 3 |  3.9
Invocations    | 3 |  3.5
Fighting       | 4 |  4.2
Shields        | 1 |  1.1
Armour         | |  2.1
Dodging        | |  0.8

Action                   |  1- 3 |  4- 6 || total
-------------------------+-------+-------++-------
Melee: Hand axe          |    91 |   129 ||   220
Invok: Banish            |       |     1 ||     1
  Use: Scroll            |       |     8 ||     8
  Eat: Chunk             |       |     6 ||     6
Armor: Leather armour    |    31 |    24 ||    55
Dodge: Dodged            |    66 |    54 ||   120
Block: Buckler           |       |    19 ||    19

Table legend:
 A = Non-vault XP
 B = Vault XP
 C = Vault XP percentage of total XP
 D = Non-vault monster count
 E = Vault monster count
 F = Vault count percentage of total count
                 A         B        C        D         E       F
            +---------+---------+-------+---------+---------+-------
      Total |     216 |       0 |   0.0 |      74 |       0 |   0.0
            +---------+---------+-------+---------+---------+-------
        D:1 |      57 |       0 |   0.0 |      30 |       0 |   0.0
        D:2 |      68 |       0 |   0.0 |      24 |       0 |   0.0
        D:3 |      91 |       0 |   0.0 |      20 |       0 |   0.0
            +---------+---------+-------+---------+---------+-------
